 Dungeon Crawl Stone Soup version 0.28.0 (webtiles) character file.

Game seed: 9166364182561210975

3079 croobank the Nimble (level 9, 0/78 HPs)
             Began as a Hill Orc Fighter on Feb 12, 2022.
             Was a Follower of Qazlal.
             Shot with an arrow by a centaur (2 damage)
             ... on level 6 of the Dungeon.
             The game lasted 00:25:37 (6848 turns).

croobank the Nimble (Hill Orc Fighter)              Turns: 6848, Time: 00:25:37

Health: 0/78       AC:  8    Str: 25    XL:     9   Next: 89%
Magic:  13/13      EV: 13    Int:  8    God:    Qazlal [*.....]
Gold:   177        SH:  7    Dex: 10    Spells: 8/8 levels left

rFire   . . .      SeeInvis .   a - +0 war axe (freeze)
rCold   . . .      Faith    .   c - +0 buckler
rNeg    + . .      Spirit   .   E - +1 scale mail "Zimex" {rN+ rCorr Str+2}
rPois   .          Reflect  .   u - +0 helmet
rElec   .          Harm     .   (no cloak)
rCorr   +          Rampage  .   (no gloves)
Will    .....                   j - +0 pair of boots
Stlth   ..........              (no amulet)
HPRegen 0.23/turn               v - ring of resist corrosion
MPRegen 0.13/turn               (no ring)

@: about to teleport, flying
A: deformed body
a: Renounce Religion


You were on level 6 of the Dungeon.
You worshipped Qazlal.
Qazlal was aware of your devotion.
You visited 2 branches of the dungeon, and saw 8 of its levels.
You also visited: Sewer.

You collected 177 gold pieces.

Inventory:

Hand Weapons
 a - a +0 war axe of freezing (weapon)
 D - a +4 flail
Missiles
 g - 47 sling bullets
 i - 172 stones
 l - 27 poisoned darts
 w - 40 bolts
 y - 4 curare-tipped darts (quivered)
 A - 75 arrows
 B - 6 javelins
Armour
 b - a +0 scale mail
 c - a +0 buckler (worn)
 j - a +0 pair of boots (worn)
 u - a +0 helmet (worn)
 E - the +1 scale mail "Zimex" (worn) {rN+ rCorr Str+2}
   (You found it on level 5 of the Dungeon)

   Str:       It affects your strength (+2).
   rN:        It protects you from negative energy.
   rCorr:     It protects you from acid and corrosion.
Magical Staves
 f - a staff of earth
Jewellery
 v - a ring of resist corrosion (left hand)
Wands
 o - a wand of flame (11)
 x - a wand of digging (2)
Scrolls
 e - a scroll of vulnerability {unknown}
 k - a scroll of teleportation
 n - a scroll of acquirement {unknown}
 r - a scroll of torment
 t - a scroll of immolation
Potions
 d - a potion of might
 h - 3 potions of flight
 m - 2 potions of experience
 p - a potion of haste {unknown}
 q - 4 potions of mutation
 s - a potion of lignification {unknown}
 z - a potion of curing {unknown}
 C - a potion of brilliance {unknown}
 F - a potion of ambrosia {unknown}


   Skills:
 + Level 6.8 Fighting
 + Level 6.9 Axes
 + Level 6.2 Armour
 - Level 9.7 Dodging
 + Level 6.2 Shields
 + Level 5.9 Invocations


You had 8 spell levels left.
You didn't know any spells.
Your spell library contained the following spells:

 Spells                   Type           Power      Damage    Failure   Level
 Sandblast                Erth           0%         2d4       77%         1
 Passwall                 Tmut/Erth      0%         N/A       88%         2
 Stone Arrow              Conj/Erth      0%         3d7       98%         3
 Conjure Ball Lightning   Conj/Air       0%         3x3d6     100%        6
 Discord                  Hex            0%         N/A       100%        8
 Disjunction              Tloc           0%         N/A       100%        8


Dungeon Overview and Level Annotations

Branches:
Dungeon (7/15)             Temple (1/1) D:5           Sewer (visited)

Altars:
Ashenzari
Cheibriados
Dithmenos
Elyvilon
Fedhas
Gozag
Hepliaklqana
Kikubaaqudgha
Makhleb
Nemelex Xobeh
Okawaru
Qazlal
Ru
Sif Muna
Vehumet
Wu Jian
Xom
Yredelemnul
Zin
The Shining One

Shops:
D:5 =


Innate Abilities, Weirdness & Mutations

Armour fits poorly on your strangely shaped body.


Message History

You feel strangely unstable.
You feel sick.
You are no longer poisoned.
The centaur barely misses you. You block the centaur's attack.
The centaur hits you with a +0 great sword!
* * * LOW HITPOINT WARNING * * *
The centaur kicks you.
* * * LOW HITPOINT WARNING * * *
The centaur unwields a +0 great sword.
The centaur wields a +0 shortbow.
The centaur shoots an arrow.
The arrow barely misses you.
It was a potion of flight.
You feel very buoyant.
You fly up into the air.
Your surroundings suddenly seem different.
You start resting.
A centaur is nearby!
Okay, then.
Okay, then.
Okay, then.
Okay, then.
Okay, then.
Okay, then.
Okay, then.
As you read the scroll of teleportation, it crumbles to dust.
You feel strangely unstable.
The centaur shoots an arrow.
The arrow hits you!
* * * LOW HITPOINT WARNING * * *
The centaur shoots an arrow.
You block the arrow.
It was a potion of mutation.
You feel extremely strange.
Your body twists and deforms.
The centaur shoots an arrow.
The arrow barely misses you.
Okay, then.
It was a potion of experience.
You feel more experienced!
Your Dodging skill gained 9 levels and is now at level 9!
You have reached level 9!
Your experience leads to an increase in your attributes!
Your base attributes are Str 21, Int 8, Dex 10.
Increase (S)trength, (I)ntelligence, or (D)exterity?
You feel stronger. x2
The centaur shoots an arrow.
The arrow hits you.
You die...

........# ###c.......
........... .###
.......... ...#
#......... .....
......... #.....
##........
#.......#..###@........
##c.###.......###......##
))........oo............#
.>.#.##.......#........##
##>#......o...#.........#
# ....5.......#..##...###
...
#.##.............!...#
......
.#......Z............##
......
....$.............. #.#
......


You could see a centaur.

Vanquished Creatures
  A water moccasin (D:5)
  2 centaurs
  An ogre (D:4)
  6 kobold brigands (Sewer)
  2 phantoms
  A howler monkey (D:6)
  2 centaur zombies
  A jelly (D:6)
  A bullfrog skeleton (D:4)
  An orc priest (D:4)
  2 iguanas (D:5)
  5 orc wizards
  A scorpion zombie (D:5)
  A killer bee zombie (D:6)
  2 hound skeletons
  A howler monkey zombie (D:5)
  4 gnolls
  An adder (D:4)
  2 river rats (Sewer)
  A shadow imp (D:6)
  An adder zombie (D:5)
  8 worms
  A dart slug (D:1)
  7 orcs
  5 bats
  11 endoplasms
  2 giant cockroaches
  7 goblins
  9 hobgoblins
  3 jackals (D:1)
  3 quokkas
  14 ball pythons
  4 frilled lizards
  8 kobolds
  13 rats
134 creatures vanquished.

Vanquished Creatures (others)
  3 plants (D:5)
3 creatures vanquished.

Grand Total: 137 creatures vanquished

Notes
Turn   | Place    | Note
-------+----------+-------------------------------------------
     0 | D:1      | croobank the Hill Orc Fighter began the quest for the Orb.
     0 | D:1      | Reached XP level 1. HP: 19/19 MP: 1/1
   199 | D:1      | Reached XP level 2. HP: 22/27 MP: 2/2
   530 | D:1      | Reached XP level 3. HP: 10/33 MP: 3/3
  1526 | D:2      | Reached skill level 1 in Invocations
  2135 | D:3      | Reached XP level 4. HP: 40/40 MP: 4/4
  2347 | D:3      | Found a faded altar of an unknown god.
  2805 | D:4      | Noticed a phantom
  2814 | D:4      | Killed a phantom
  2815 | D:4      | Reached XP level 5. HP: 40/47 MP: 6/6
  3011 | D:4      | Noticed an ogre
  3017 | D:4      | Killed an ogre
  3018 | D:4      | Reached XP level 6. HP: 55/55 MP: 6/8
  3408 | D:4      | Reached skill level 5 in Fighting
  3583 | D:4      | Found an ornate altar of the Wu Jian Council.
  3873 | D:4      | Found an opulent altar of Gozag.
  3978 | D:5      | Entered Level 5 of the Dungeon
  3993 | D:5      | Found a staircase to the Ecumenical Temple.
  4011 | Temple   | Entered the Ecumenical Temple
  4158 | Temple   | Became a worshipper of Qazlal Stormbringer
  4316 | D:5      | Reached skill level 5 in Axes
  4316 | D:5      | Reached XP level 7. HP: 60/61 MP: 9/9
  4327 | D:5      | Found a shimmering blue altar of Sif Muna.
  4379 | D:5      | Found a glowing drain.
  4399 | Sewer    | Entered a sewer
  4549 | Sewer    | Reached skill level 5 in Armour
  4549 | Sewer    | Reached skill level 5 in Shields
  5169 | Sewer    | Reached * piety under Qazlal
  5285 | Sewer    | Reached XP level 8. HP: 40/70 MP: 11/11
  5685 | D:5      | Reached skill level 5 in Invocations
  6264 | D:5      | Found Onol's Jewellery Emporium.
  6367 | D:5      | Identified the +1 scale mail "Zimex" {rN+ rCorr Str+2}
  6846 | D:6      | HP: 1/71 [centaur/arrow (11)]
  6847 | D:6      | Gained mutation: Armour fits poorly on your strangely
                  | shaped body. [potion of mutation]
  6848 | D:6      | Reached skill level 9 in Dodging
  6848 | D:6      | Reached XP level 9. HP: 2/78 MP: 13/13
  6848 | D:6      | Shot with an arrow by a centaur

Illustrated notes

Levels and vault maps discovered:
D:1:      scummos_arrival_hexagon, layout_basic
D:2:      layout_basic
D:3:      layout_rooms, hellmonk_ecumenical_altar_slurped_away,
          amethyst_killhole
D:4:      layout_loops_corners, nzn_wu_jian_council_hall, kennysheep_mini
D:5:      layout_loops_cross, marbit_many_paths,
          minmay_temple_entry_gardened_gates, cheibrodos_sewer_entry_bend,
          serial_shops, nicolae_shop_window_shopping
D:6:      layout_cave_pools, uniq_crazy_yiuf_cottage
D:7:      layout_loops_ring, trog_wizard, minmay_shop_enchanted_jewellery,
          kennysheep_small_circle, uniq_maggie, uniq_harold, uniq_menkaure
Temple:   bh_familiar_temple

Skill      XL: |  1  2  3  4  5  6  7  8 |
---------------+-------------------------+-----
Axes           | 3 4 5 6 |  6.9
Fighting       | 4 5 6 |  6.8
Invocations    | 1 2 3 4 5 |  5.9
Armour         | 4 5 6 |  6.2
Shields        | 4 5 6 |  6.2
Dodging        | 9 |  9.7

Action                   |  1- 3 |  4- 6 |  7- 9 || total
-------------------------+-------+-------+-------++-------
Melee: War axe           |   128 |    82 |   224 ||   434
Throw: Dart              |       |     3 |       ||     3
  Use: Potion            |       |     3 |     3 ||     6
       Scroll            |       |     7 |     2 ||     9
Armor: Scale mail        |    77 |    30 |   134 ||   241
Dodge: Dodged            |    68 |    32 |   100 ||   200
Block: Buckler           |    24 |    18 |    64 ||   106
